 Dungeon Crawl Stone Soup version 0.28.0-43-g3370ac3207 (webtiles) character file.

Game seed: 5037144805959176214

1731 TheDeanity the Cudgeller (level 8, -8/78 HPs)
             Began as a Troll Fighter on Mar 17, 2022.
             Was an Initiate of Okawaru.
             Mangled by a troll (13 damage)
             ... on level 5 of the Dungeon.
             The game lasted 00:17:59 (5944 turns).

TheDeanity the Cudgeller (Troll Fighter)            Turns: 5944, Time: 00:18:00

Health: -8/78      AC:  4    Str: 27    XL:     8   Next: 76%
Magic:  7/7        EV:  8    Int:  4    God:    Okawaru [......]
Gold:   290        SH:  7    Dex:  9    Spells: 7/7 levels left

rFire   . . .      SeeInvis .   (no weapon)
rCold   . . .      Faith    .   c - +0 kite shield
rNeg    . . .      Spirit   .   u - +0 animal skin
rPois   .          Reflect  .   (helmet restricted)
rElec   .          Harm     .   (no cloak)
rCorr   +          Rampage  .   (gloves unavailable)
Will    +....                   (boots unavailable)
Stlth   +.........              (no amulet)
HPRegen 1.03/turn               r - ring of resist corrosion
MPRegen 0.10/turn               H - ring of willpower

@: no status effects
A: large, unfitting armour, claws 3, regeneration 1, shaggy fur 1, tough skin 1
a: Renounce Religion


You were on level 5 of the Dungeon.
You worshipped Okawaru.
Okawaru was noncommittal.
You visited 2 branches of the dungeon, and saw 7 of its levels.
You also visited: Ossuary.

You collected 472 gold pieces.
You spent 182 gold pieces at shops.

Inventory:

Hand Weapons
 a - a +4 vampiric broad axe
 m - a +2 flail
 y - a +0 giant spiked club
Missiles
 h - 168 stones
 l - 5 boomerangs (quivered)
 s - a throwing net
Armour
 c - a +0 kite shield (worn)
 u - a +0 animal skin (worn)
Jewellery
 f - an amulet of the acrobat
 r - a ring of resist corrosion (left claw)
 H - a ring of willpower (right claw)
Scrolls
 b - a scroll of blinking
 e - 3 scrolls of fog
 g - 2 scrolls of vulnerability
 i - a scroll of summoning
 n - 2 scrolls of fear
 o - 2 scrolls of magic mapping
 q - 3 scrolls of teleportation {unknown}
 E - a scroll of enchant armour {unknown}
 F - 2 scrolls of noise {unknown}
 G - 3 scrolls of immolation
 I - a scroll of torment {unknown}
 J - a scroll of amnesia
 K - a scroll of identify
Potions
 d - a potion of might
 j - 3 potions of heal wounds
 k - 6 potions of curing
 t - a potion of mutation {unknown}
 v - a potion of invisibility {unknown}
 w - 3 potions of resistance {unknown}
 x - a potion of brilliance {unknown}
 z - 3 potions of haste {unknown}
 A - 3 potions of degeneration {unknown}
 B - a potion of lignification {unknown}
 C - 2 potions of magic {unknown}
 D - a potion of flight {unknown}


   Skills:
 - Level 4.0 Fighting
 + Level 3.7(5.5) Axes
 + Level 6.9(7.4) Maces & Flails
 + Level 5.2 Throwing
 - Level 2.4 Dodging
 - Level 2.4 Shields


You had 7 spell levels left.
You didn't know any spells.
Your spell library contained the following spells:

 Spells                   Type           Power      Damage    Failure   Level
 Freeze                   Ice            0%         1d3       80%         1
 Slow                     Hex            0%         N/A       80%         1
 Ensorcelled Hibernation  Hex/Ice        0%         N/A       91%         2
 Passwall                 Tmut/Erth      0%         N/A       91%         2
 Confusing Touch          Hex            0%         N/A       99%         3
 Conjure Flame            Conj/Fire      0%         6-21      99%         3
 Frozen Ramparts          Ice            0%         1d2       99%         3
 Ignite Poison            Fire/Tmut/Pois 0%         N/A       99%         3
 Swiftness                Air            0%         N/A       99%         3
 Vampiric Draining        Necr           0%         2d6       99%         3
 Hailstorm                Conj/Ice       0%         3d3       100%        4
 Sticky Flame             Conj/Fire      0%         2d3       100%        4


Dungeon Overview and Level Annotations

Branches:
Dungeon (6/15)             Temple (1/1) D:6         Ossuary (visited)

Altars:
Ashenzari
Dithmenos
Elyvilon
Fedhas
Gozag
Hepliaklqana
Kikubaaqudgha
Makhleb
Nemelex Xobeh
Okawaru
Qazlal
Ru
Sif Muna
Trog
Vehumet
Wu Jian
Xom
Yredelemnul
The Shining One

Shops:
D:1 (   D:2 :   D:4 ?

Annotations:
D:6 Menkaure


Innate Abilities, Weirdness & Mutations

You are too large for most types of armour.
You have claws for hands.
Your natural rate of healing is unusually fast.
You are covered in fur. (AC +1)
You have tough skin. (AC +1)


Message History

Press: ? - help, Q - select action, (/) - cycle Shift-Dir - straight line, f - troll
Aim: a troll (almost dead, 59% to hit)
You throw a boomerang. The boomerang closely misses the troll.
The troll bites you!
* * * LOW HITPOINT WARNING * * *
The troll barely misses you. The troll claws you.
* * * LOW HITPOINT WARNING * * *
Throw: 5 boomerangs
Press: ? - help, Q - select action, (/) - cycle Shift-Dir - straight line, f/p - troll
Aim: a troll (almost dead, 59% to hit)
You throw a boomerang.
The boomerang hits the troll but does no damage.
The troll is almost dead.
The troll bites you.
* * * LOW HITPOINT WARNING * * *
The troll claws you.
* * * LOW HITPOINT WARNING * * *
The troll closely misses you.
Press: ? - help, v - describe, . - travel
Here: a troll (almost dead)
The floor.
Unknown command.
You feel much better. You block the troll's attack.
The troll claws you but does no damage. x2
Throw: 5 boomerangs
Press: ? - help, Q - select action, (/) - cycle Shift-Dir - straight line, f/p - troll
Aim: a troll (almost dead, 59% to hit)
You throw a boomerang. The boomerang closely misses the troll.
The troll bites you! The troll claws you!
* * * LOW HITPOINT WARNING * * *
The troll barely misses you.
Throw: 5 boomerangs
Press: ? - help, Q - select action, (/) - cycle Shift-Dir - straight line, f/p - troll
Aim: a troll (severely wounded, 59% to hit)
You throw a boomerang. The boomerang closely misses the troll.
The troll barely misses you. The troll claws you!
* * * LOW HITPOINT WARNING * * *
You block the troll's attack. The troll bites you but does no damage.
The troll claws you!
You die...

#.######.## #.# #.# #.# #.#
#.# #.# #.# #.# #.######.##
######.#.......#
#############....#.#.#######
...............T@..>.......#
........#####.##.#)#.####.##
..#.......###.##.#.#....#.#
..............##.#.#....#.#
..........######.#.####.#.#
..#..............#........#
..#.......#############.###
..#..#...........g.g# #.####
###..#.......######.# #....#


You could see a troll.

Vanquished Creatures
  A sky beast (D:5)
  A black bear (D:5)
  An ice beast (D:5)
  A necrophage (D:5)
  2 ogres
  2 kobold brigands (D:6)
  Blork the orc (D:5)
  A gnoll sergeant (D:5)
  A wyvern zombie (D:5)
  3 scorpions
  A water moccasin zombie (D:5)
  2 jellies (D:5)
  3 iguanas
  Ijyb (D:3)
  3 orc wizards
  A killer bee zombie (D:6)
  A hound skeleton (D:4)
  8 mummies (Ossuary)
  Robin (D:3)
  3 gnolls (D:5)
  5 adders
  A white imp (D:4)
  2 adder skeletons (D:4)
  An adder zombie (D:5)
  3 worms (D:2)
  5 dart slugs
  18 orcs
  3 ball pythons
  8 endoplasms
  8 giant cockroaches
  2 gnoll zombies (Ossuary)
  20 goblins
  8 hobgoblins
  6 jackals
  15 kobolds
  5 quokkas
  5 bats
  3 frilled lizards (D:1)
  2 hobgoblin zombies (Ossuary)
  2 kobold zombies (Ossuary)
  2 orc zombies (Ossuary)
  4 rats
166 creatures vanquished.

Notes
Turn   | Place    | Note
-------+----------+-------------------------------------------
     0 | D:1      | TheDeanity the Troll Fighter began the quest for the Orb.
     0 | D:1      | Reached XP level 1. HP: 22/22 MP: 0/0
    48 | D:1      | Reached skill level 2 in Maces & Flails
    66 | D:1      | Reached XP level 2. HP: 29/29 MP: 1/1
   215 | D:1      | Found a faded altar of an unknown god.
   437 | D:1      | Found Lotzeix's Antique Weapon Emporium.
   483 | D:1      | Reached XP level 3. HP: 36/36 MP: 2/2
   996 | D:2      | Reached skill level 3 in Maces & Flails
  1353 | D:2      | Reached XP level 4. HP: 45/45 MP: 3/3
  1353 | D:2      | Found Syvittir's Book Shoppe.
  1449 | D:2      | Reached skill level 1 in Throwing
  1542 | D:2      | Found an ancient bone altar of Kikubaaqudgha.
  1806 | D:3      | Noticed Ijyb
  1825 | D:3      | Killed Ijyb
  1826 | D:3      | Reached XP level 5. HP: 37/53 MP: 4/4
  2090 | D:3      | Found an ancient bone altar of Kikubaaqudgha.
  2288 | D:3      | Found a radiant altar of Vehumet.
  2322 | D:3      | Noticed Robin
  2341 | D:3      | Reached skill level 4 in Maces & Flails
  2389 | D:3      | Killed Robin
  2827 | D:4      | Found a sand-covered staircase.
  2853 | Ossuary  | Entered an ossuary
  2896 | Ossuary  | Reached XP level 6. HP: 60/61 MP: 5/5
  3405 | D:4      | Reached skill level 5 in Maces & Flails
  3431 | D:4      | Reached XP level 7. HP: 28/68 MP: 6/6
  3595 | D:4      | Found Plog's Magic Scroll Emporium.
  3813 | D:5      | Entered Level 5 of the Dungeon
  3878 | D:4      | Bought a scroll of identify for 28 gold pieces
  3878 | D:4      | Bought a scroll of identify for 28 gold pieces
  3878 | D:4      | Bought a scroll of amnesia for 49 gold pieces
  3878 | D:4      | Bought a scroll of identify for 28 gold pieces
  3878 | D:4      | Bought a scroll of immolation for 49 gold pieces
  3881 | D:4      | Identified a scroll of acquirement
  3883 | D:4      | Acquired a +4 vampiric broad axe
  4085 | D:5      | Reached skill level 1 in Axes
  4609 | D:5      | Reached skill level 6 in Maces & Flails
  4615 | D:5      | Reached XP level 8. HP: 47/78 MP: 7/7
  4908 | D:5      | Found a shadowy altar of Dithmenos.
  4994 | D:5      | Noticed Blork the orc
  5005 | D:5      | Killed Blork the orc
  5209 | D:6      | Noticed Menkaure
  5269 | D:6      | Reached skill level 5 in Throwing
  5370 | D:6      | Found a staircase to the Ecumenical Temple.
  5379 | Temple   | Entered the Ecumenical Temple
  5553 | Temple   | Became a worshipper of Warmaster Okawaru
  5711 | D:6      | Noticed a troll
  5944 | D:5      | Mangled by a troll

Illustrated notes

Levels and vault maps discovered:
D:1:      psy_arrival_radial01, layout_loops_ring,
          hellmonk_ecumenical_altar_slurped_away, serial_shops,
          nicolae_diamond_shop
D:2:      layout_basic, serial_shops, nicolae_square_shop, basic_altar,
          serial_glass, glass_columns_b, glass_columns_c,
          minmay_strange_pillars, item_on_display_a, item_on_display_a,
          chequers_serial_rivers_micro_a
D:3:      layout_basic, mainiacjoe_overflow_catch_the_wave, grunt_ministairs_7,
          serial_park_tiny_1, uniq_ijyb, uniq_robin
D:4:      layout_rooms, nicolae_ossuary_entry_ruins, serial_shops,
          nicolae_take_the_stairs
D:5:      layout_basic, grunt_dithmenos_smoke_and_mirrors,
          hangedman_abyss_or_decor_stagger, uniq_blork_the_orc
D:6:      layout_loops_ring, lemuel_temple_firewalk_b,
          kennysheep_opposing_triangles, uniq_menkaure
Temple:   eino_temple_rhombus

Skill      XL: |  1  2  3  4  5  6  7  8 |
---------------+-------------------------+-----
Maces & Flails | 2 3 4 5 6 |  6.9
Fighting       | 3 4 |  4.0
Throwing       | 1 2 4 5 |  5.2
Axes           | 2 3 |  3.7
Dodging        | |  2.4
Shields        | |  2.4

Action                   |  1- 3 |  4- 6 |  7- 9 || total
-------------------------+-------+-------+-------++-------
Melee: Unarmed           |   138 |   252 |   124 ||   514
       Broad axe         |       |       |    73 ||    73
Throw: Stone             |       |   100 |    25 ||   125
       Boomerang         |       |    15 |    65 ||    80
Evoke: Wand              |       |       |     4 ||     4
  Use: Scroll            |       |     6 |     8 ||    14
       Potion            |       |       |     1 ||     1
Armor: Robe              |    52 |    23 |       ||    75
       Animal skin       |       |    48 |    61 ||   109
Dodge: Dodged            |    57 |    83 |    85 ||   225
Block: Kite shield       |    43 |    94 |   106 ||   243
